Cogmind - Beta 15 @@@ ROGUE MODE // 2025.08.19 @ 16:40:07 Player: winnking222 Result: Destroyed by 1O-VMZ(R) with Subdweller Machine Gun Performance ------------- Evolutions (0) 0 Regions Visited (3) 600 Robots Destroyed (31) 155 Value Destroyed (791) 791 Prototype IDs (4) 80 Alien Tech Used (0) 0 Bonus (0) 0 TOTAL SCORE: 1626 Bonus ------- None Cogmind --------- Core Integrity 0/250 Matter 260/300 Energy 200/200 System Corruption 0% Temperature Cool (0) Movement Walking (130) Location -10/Subcaves Parts ------- > --- POWER (1) -------- Subdweller Power Source > --- PROPULSION (2) --- Improved Aluminum Leg Makeshift Leg > --- UTILITY (2) ------ Scrap Shield > --- WEAPON (2) ------- Battle Cannon Battle Cannon > --- INVENTORY (5) ---- Huge Storage Unit Bomb Drone Bay (2/16) Peak State ------------ > --- POWER ------------ Subdweller Power Source > --- PROPULSION ------- Improved Aluminum Leg Makeshift Leg > --- UTILITY ---------- Large Storage Unit Experimental Sensor Array > --- WEAPON ----------- Subdweller Beam Cannon Subdweller Beam Cannon > --- INVENTORY -------- Subdweller Power Source Improved Aluminum Leg Subdweller Monowheel Huge Storage Unit Compact Matter Pod Seismic Detector Scrap Shield Bomb Drone Bay Battle Rifle Subdweller Machine Gun Rocket Launcher Ripper Piercing Trap [Rating: 26] Favorites ----------- Power Ion Engine Engine Ion Engine Propulsion Improved Aluminum Leg Treads Light Treads Leg Improved Aluminum Leg Wheel Wheel Utility Large Storage Unit Device Seismic Detector Storage Large Storage Unit Protection Scrap Shield Weapon Spread Laser Energy Gun Spread Laser Energy Cannon Subdweller Beam Cannon Ballistic Cannon Battle Cannon Slashing Weapon Ripper Build | -11 -10 -10 -10 ------- Run | Yrd Mat Min Sub Slots Evolved . | . . . . Power . | . . . . Propulsion . | . . . . Utility . | . . . . Weapon . | . . . . Parts Attached 37 | 7 7 4 19 Power 8 | 1 1 1 5 Engine 8 | 1 1 1 5 Core . | . . . . Reactor . | . . . . Propulsion 9 | 2 3 2 2 Treads 2 | 2 . . . Leg 6 | . 2 2 2 Wheel 1 | . 1 . . Hover . | . . . . Flight . | . . . . Utility 8 | 2 1 . 5 Device 3 | 1 . . 2 Storage 3 | 1 1 . 1 Processor . | . . . . Hackware . | . . . . Protection 2 | . . . 2 Artifact . | . . . . Weapon 12 | 2 2 1 7 Energy Gun 6 | 2 2 1 1 Energy Cannon 3 | . . . 3 Ballistic Gun . | . . . . Ballistic Cannon 2 | . . . 2 Launcher . | . . . . Special Weapon . | . . . . Impact Weapon . | . . . . Slashing Weapon 1 | . . . 1 Piercing Weapon . | . . . . Special Melee Weapon . | . . . . Unidentified Prototypes 2 | . . . 2 Parts Lost 4 | . 1 3 . Power 1 | . . 1 . Propulsion 2 | . 1 1 . Utility . | . . . . Weapon 1 | . . 1 . Highest Loss Streak 3 | . 1 3 . To Critical Strikes . | . . . . Average Backups 10 | 5 9 13 10 Power 1 | . 1 2 1 Propulsion 2 | 2 3 3 1 Utility 3 | . 1 3 4 Weapon 3 | . 2 4 3 Tool/Special . | . . . . Unused Backups 17 | . 3 1 13 Power 1 | . . . 1 Propulsion 5 | . 2 . 3 Utility 3 | . . 1 2 Weapon 8 | . 1 . 7 Tool/Special . | . . . . Average Slot Usage (%) 98 | . 99 99 96 Engine 13 | . 14 13 14 Leg 25 | . 22 25 28 Wheel 1 | . 3 2 . Device 13 | . 14 14 13 Storage 12 | . 14 14 11 Energy Gun 17 | . 28 27 6 Energy Cannon 8 | . . . 17 Ballistic Cannon 1 | . . . 3 Peak Build Rating 26 | 7 12 14 26 Average Rating 15 | 5 11 12 20 On Entrance 8 | . 7 11 14 Naked Turns . | . . . . Heaviest Build 42 | 15 32 32 42 Greatest Support 40 | 40 40 23 33 Greatest Overweight (x) 4 | . 4 3 1 Average Overweight (x) 1 | . 1 1 . Largest Inventory Capacity 25 | 8 15 15 25 Average Capacity 13 | 7 14 15 12 Most Carried 15 | 7 13 15 15 Average Carried 11 | 5 9 13 12 Final Capacity 15 | 8 15 15 5 Final Carried 15 | 6 13 15 3 Class Distribution -------------------- 93% | Mutant 6% | Derelict-Mutant Dominant Class ---------------- Mutant | -10/Materials Mutant | -10/Mines Mutant | -10/Subcaves Resources | -11 -10 -10 -10 ----------- Run | Yrd Mat Min Sub Matter Collected 680 | 270 70 30 310 Remotely . | . . . . Salvage Created 972 | 113 319 13 527 Parts 69 | 9 24 . 36 Haulers Intercepted . | . . . . Recyclers Shooed . | . . . . Parts Field Recycled . | . . . . Retrieved Matter . | . . . . Parts Self-Destructed 26 | . . . 26 Prevented . | . . . . Kills | -11 -10 -10 -10 ------- Run | Yrd Mat Min Sub Combat Hostiles Destroyed 30 | . 14 4 12 Guns 24 | . 14 4 6 Cannons 5 | . . . 5 Classes Destroyed 7 | 2 3 1 1 Tunneler 3 | 3 . . . Recycler 1 | 1 . . . Watcher 1 | . 1 . . Swarmer 9 | . 6 . 3 Grunt 8 | . 8 . . Subdweller 9 | . . . 9 Assembled 4 | . . 4 . Best Kill Streak 4 | 2 4 2 3 Combat Bots Only 4 | . 4 2 3 Max Kills in Single Turn 2 | 1 2 1 2 Gunslinging 1 | . 1 . 1 Exploded . | . . . . Melee . | . . . . Uniques/NPCs Destroyed . | . . . . Combat | -11 -10 -10 -10 -------- Run | Yrd Mat Min Sub Hostile Shots Fired 96 | . 43 19 34 Missed 27 | . 7 9 11 Hits 69 | . 36 10 23 Melee 1 | . . 1 . Projectile 68 | . 36 9 23 Critical Strikes 2 | . 1 . 1 Damage Taken 1097 | . 403 183 511 Core 251 | . 70 10 171 Absorbed by Shields . | . . . . Core Remaining (%) 100 | 100 . . . Volleys Fired 110 | 12 28 10 60 Largest 2 | 2 2 2 2 Hottest 160 | 100 130 130 160 Shots Fired 220 | 24 56 20 120 Gun 124 | 24 56 20 24 Cannon 96 | . . . 96 Launcher . | . . . . Special . | . . . . Kinetic 22 | . . . 22 Thermal 198 | 24 56 20 98 Explosive . | . . . . Electromagnetic . | . . . . Robot Hit Streak 17 | 4 7 5 17 Robot Miss Streak 10 | 2 10 8 6 Penetration Max . | . . . . Secondary Targets 3 | . 2 . 1 Max Gunslinging Chain 1 | . 1 . 1 Shots Hit Robots 123 | 13 50 14 46 Core Hits 122 | 5 63 19 35 Critical Kills 1 | . . . 1 Critical Parts Destroyed . | . . . . Critical Strikes 3 | 2 . . 1 Burn 2 | 2 . . . Meltdown 1 | . . . 1 Melee Attacks 1 | . . . 1 Impact . | . . . . Slashing 1 | . . . 1 Piercing . | . . . . Sneak Attacks . | . . . . Combat Hostiles . | . . . . Follow-up Attacks . | . . . . Damage Inflicted 1871 | 177 552 156 986 Guns 1129 | 177 551 128 273 Cannons 713 | . . . 713 Explosions . | . . . . Melee . | . . . . Ramming 29 | . 1 28 . Kinetic 116 | . . . 116 Thermal 1726 | 177 551 128 870 Explosive . | . . . . Electromagnetic . | . . . . Impact . | . . . . Slashing . | . . . . Piercing . | . . . . Highest Corruption . | . . . . Average Corruption . | . . . . Corruption Purged . | . . . . Corruption Blocked . | . . . . Overload Shots . | . . . . Overflow Damage . | . . . . Projectiles . | . . . . Explosions . | . . . . Melee . | . . . . Knockbacks 2 | . . . 2 Impact . | . . . . Kinetic 2 | . . . 2 Secondary . | . . . . Self-Inflicted Damage 10 | . . 10 . Shots . | . . . . Rammed 2 | . 1 1 . Targets Rammed 4 | . 1 3 . Kicked 2 | . . 2 . Crushed . | . . . . Highest Temperature 330 | 117 330 300 291 Average Temperature 84 | 44 103 118 67 Received Heat Transfer 264 | . 186 . 78 Siege Activations . | . . . . Martial Activations . | . . . . Shielding Activations . | . . . . Robots Disrupted . | . . . . Combat Hostiles . | . . . . Robots Corrupted . | . . . . Combat Hostiles . | . . . . Parts Fried . | . . . . Impact Corruptions . | . . . . Robots Melted 1 | . . . 1 Combat Hostiles 1 | . . . 1 Parts Melted 7 | 3 . . 4 Heat Transferred 2702 | 666 717 170 1149 Parts Sabotaged . | . . . . Parts Stolen . | . . . . Parts Stripped . | . . . . Power Chain Reactions . | . . . . Alert | -11 -10 -10 -10 ------- Run | Yrd Mat Min Sub Maximum Alert Level . | . . . . Low Security (%) 100 | 100 100 100 . Level 1 . | . . . . Level 2 . | . . . . Level 3 . | . . . . Level 4 . | . . . . Level 5 . | . . . . High Security . | . . . . Max Security . | . . . . Peak Influence 100 | 10 100 22 . Initial 22 | . . 22 . Average 15 | 1 31 . . Influence Increases 496 | 20 406 . 70 Destroy 0b10 Robot/C 340 | . 280 . 60 Destroy 0b10 Robot/NC 25 | 20 5 . . Destroy Leader 72 | . 62 . 10 Successful Hack 14 | . 14 . . Lose Combat Pursuer 45 | . 45 . . Influence Decreases 496 | 20 347 59 70 Entered New Map 37 | . . 37 . Time Decay 459 | 20 347 22 70 Squads Dispatched 2 | . 2 . . Investigation 1 | . 1 . . Extermination . | . . . . Reinforcement 1 | . 1 . . Assault . | . . . . Garrison . | . . . . Intercept . | . . . . Searches Triggered . | . . . . Construction Impeded . | . . . . Haulers Reinforced . | . . . . Active Scanning Responses . | . . . . Cargo Convoy Interrupts . | . . . . Stealth | -11 -10 -10 -10 --------- Run | Yrd Mat Min Sub Distress Signals 3 | . 3 . . Communications Jammed . | . . . . Distress Signals . | . . . . Times Spotted 43 | . 26 4 13 Peak Tracking Total 4 | . 4 2 3 Tactical Retreats 3 | . 3 . . Traps | -11 -10 -10 -10 ------- Run | Yrd Mat Min Sub Traps Triggered 1 | . 1 . . Indirectly . | . . . . Trap Hack Attempts . | . . . . Triggered . | . . . . Disarmed . | . . . . Reprogrammed . | . . . . Reused . | . . . . Traps Extracted . | . . . . Installed . | . . . . Triggered . | . . . . Most Traps Carried 1 | . . . 1 Machines | -11 -10 -10 -10 ---------- Run | Yrd Mat Min Sub Machines Disabled . | . . . . Max in Single Turn . | . . . . Machines Repaired . | . . . . Machines Dismantled . | . . . . Machines Sabotaged . | . . . . Overloaded Fab Kills . | . . . . Hacking | -11 -10 -10 -10 --------- Run | Yrd Mat Min Sub Machines Accessed 8 | . 6 1 1 Terminals 6 | . 6 . . Fabricators . | . . . . Repair Stations . | . . . . Recycling Units . | . . . . Scanalyzers . | . . . . Garrison Access . | . . . . Total Hacks 17 | . 11 1 5 Successful 13 | . 7 1 5 Failed 4 | . 4 . . Catastrophic 1 | . 1 . . Database Lockouts . | . . . . Manual 10 | . 10 . . Terminals 11 | . 11 . . Fabricators . | . . . . Repair Stations . | . . . . Recycling Units . | . . . . Scanalyzers . | . . . . Garrison Access . | . . . . Terminal Hacks 7 | . 1 1 5 Record 5 | . . . 5 Prototype ID Bank 1 | . 1 . . Open Door 1 | . . 1 . Fabricator Hacks . | . . . . Repair Station Hacks . | . . . . Recycling Unit Hacks . | . . . . Scanalyzer . | . . . . Garrison Access Hacks . | . . . . Unauthorized Hacks 6 | . 6 . . Terminals 6 | . 6 . . Botnet 1 | . 1 . . Skim 5 | . 5 . . Fabricators . | . . . . Repair Stations . | . . . . Recycling Units . | . . . . Scanalyzers . | . . . . Garrison Access . | . . . . Data Cores Recovered . | . . . . Used . | . . . . Hacking Detections 3 | . 3 . . Full Trace Events . | . . . . Feedback Events . | . . . . Feedback Blocked . | . . . . Robot Schematics Acquired . | . . . . Robots Built . | . . . . Authchips . | . . . . Time . | . . . . Total Robot Build Rating . | . . . . Part Schematics Acquired . | . . . . Parts Built . | . . . . Authchips . | . . . . Time . | . . . . Total Part Build Rating . | . . . . Parts Repaired . | . . . . Time . | . . . . Parts Recycled . | . . . . Recycled Matter . | . . . . Retrieved Matter . | . . . . Retrieved Components . | . . . . Parts Scanalyzed . | . . . . Part Schematics Acquired . | . . . . Parts Damaged . | . . . . Bothacking | -11 -10 -10 -10 ------------ Run | Yrd Mat Min Sub Used RIF Installer . | . . . . Robots Hacked . | . . . . Non-combat . | . . . . Combat . | . . . . Robot Hacks Applied . | . . . . Relay Couplers Released . | . . . . Fabnet Peak Effective % . | . . . . Robots Rewired . | . . . . Allies Hacked . | . . . . Hacks Repelled . | . . . . Allies | -11 -10 -10 -10 -------- Run | Yrd Mat Min Sub Total Allies . | . . . . Largest Group . | . . . . Highest-Rated Group . | . . . . Highest-Rated Ally . | . . . . Total Orders 16 | . . . 16 ROAM 3 | . . . 3 EXPLORE 12 | . . . 12 RETURN 1 | . . . 1 Ally Attacks 14 | . . . 14 Total Damage . | . . . . Kills . | . . . . Allies Corrupted . | . . . . Allies Melted . | . . . . Intel | -11 -10 -10 -10 ------- Run | Yrd Mat Min Sub Active Infowar (turns) 4692 | 73 1352 1264 2003 Sensors 1117 | . . . 1117 Seismic 3575 | 73 1352 1264 886 Robot Analysis Total . | . . . . Derelict Logs Recovered 2 | . . . 2 Drone Launches 14 | . . . 14 Drone Recoveries . | . . . . Exploration | -11 -10 -10 -10 ------------- Run | Yrd Mat Min Sub Turns Passed 5388 | 245 1352 1264 2527 Spaces Moved 2469 | 125 718 660 966 Core 10 | 9 1 . . Treads 134 | 116 18 . . Legs 1938 | . 476 496 966 Wheels 387 | . 223 164 . Hover . | . . . . Flight . | . . . . Fastest Speed 50 | 50 120 110 130 Average Speed 171 | 152 163 173 178 Slowest Speed 260 | 160 260 190 200 Overloaded Moves . | . . . . Propulsion Burnouts . | . . . . Robots Hopped . | . . . . Potential Cave-ins 2 | . . . 2 Cave-ins Triggered . | . . . . Exploration Rate (%) 71 | 5 96 100 83 Regions Visited 3 Branch Regions 2 Pre-discovered Areas 1 | . . 1 . Known Exits Taken . | . . . . Unknown Exits Taken 3 | 1 1 1 . Scrap Searched 8 | . . 1 7 Spaces Dug 25 | . . . 25 Terrain Destroyed 27 | . . . 27 Melee . | . . . . Projectile 27 | . . . 27 AOE . | . . . . Terrain Rammed . | . . . . Walls Destroyed . | . . . . Machines Disabled . | . . . . Actions | -11 -10 -10 -10 --------- Run | Yrd Mat Min Sub Total 3407 | 156 841 756 1654 Wait 690 | . 67 74 549 Move 2466 | 124 717 659 966 Hop . | . . . . Pick Up 60 | 13 13 5 29 Fast Attach 4 | . 2 . 2 Attach 19 | 7 2 3 7 Detach 2 | . . . 2 Swap 17 | . 3 1 13 Drop 34 | . 8 1 25 Fire 110 | 12 28 10 60 Melee 1 | . . . 1 Ram 2 | . 1 1 . Kick 2 | . . 2 . Crush . | . . . . Escape Stasis . | . . . . Rewire . | . . . . Trap . | . . . . Miscellaneous . | . . . . Route ------- -11/Scrapyard -10/Materials (discovered 5 exits: [*Mat x3] / *Min / *Sub) -10/Mines (discovered 3 exits: [*Mat x2] / *Sub) -10/Subcaves (discovered 3 exits: *Mat x2 / *Rec) History --------- Turn | Location | Event 21 | -11/Scrapyard | Discovered new exit (range 16) 246 | -11/Scrapyard | Entered Materials 318 | -10/Materials | Build established: Mutant 398 | -10/Materials | Discovered new exit (range 11) 463 | -10/Materials | Discovered new exit (range 8) 680 | -10/Materials | Discovered new exit (range 7) 938 | -10/Materials | Discovered new exit (range 16) 1432 | -10/Materials | Discovered new exit (range 7) 1598 | -10/Materials | Entered Mines 1614 | -10/Mines | Received a Rocket Launcher from a helpful Derelict 1671 | -10/Mines | A weapon hastily lodged in a ceiling crevice suddenly fell to the ground 1684 | -10/Mines | Learned location of Storage (-7) 1761 | -10/Mines | Assembled infested the area 1766 | -10/Mines | Assisted by a Guerilla fighting off Assembled 1867 | -10/Mines | Lost 3 parts (1p1n1w) 2088 | -10/Mines | Discovered new exit (range 8) 2218 | -10/Mines | Discovered new exit (range 6) 2375 | -10/Mines | Discovered new exit (range 5) 2543 | -10/Mines | Found a damaged Exp. Sensor Array with a note attached 2547 | -10/Mines | Found Prototype Device 2646 | -10/Mines | Found the Drone Emporium 2657 | -10/Mines | Found Prototype Device 2862 | -10/Mines | Entered Subcaves 2863 | -10/Subcaves | Approached by a straggling Scientist 2900 | -10/Subcaves | Identified exit to Materials 3421 | -10/Subcaves | Disturbed a concealed Subdweller 3430 | -10/Subcaves | Core integrity fell below 50% 3748 | -10/Subcaves | Identified Exp. Sensor Array 3869 | -10/Subcaves | Visited Clippyterm 3875 | -10/Subcaves | Identified exit to Recycling 3875 | -10/Subcaves | Learned Research security intel 4165 | -10/Subcaves | Shifting Twisted Machinery released Mak. Leg 4292 | -10/Subcaves | Ambushed by Subdweller buried in earth 4603 | -10/Subcaves | Core integrity fell below 20% 4649 | -10/Subcaves | Identified Bomb Drone Bay 5014 | -10/Subcaves | Ambushed by angry Subdweller bent on revenge 5311 | -10/Subcaves | Shifting Twisted Machinery released Spk. Treads 5366 | -10/Subcaves | Build established: Derelict-Mutant 5389 | -10/Subcaves | Destroyed by 1O-VMZ(R) with Subdweller Machine Gun Last Messages --------------- 05105_ Acquired Sub. Beam Cannon. 05107_ Acquired Sub. Power Source. 05110_ Acquired Sub. Beam Cannon. 05115_ Acquired Scrap Shield. 05117_ Dropped Sub. Beam Cannon. 05117_ Acquired Sub. Beam Cannon. 05120_ Acquired 25 matter. 05256_ Subatomizers dissect the Disposable Heat Sink. 05286_ SI-5RP(u) tweaks Twisted Machinery. Spk. Treads falls loose from the Twisted Machinery. 05344_ Dropped Exp. Sensor Array. 05344_ Dropped Lrg. Storage Unit. 05346_ Extracted 50 matter. 05356_ DX-7D8(R) knocked back. 05358_ Critical hit (Destroy). 05359_ DX-7D8(R) destroyed. 05362_ Acquired 2 matter. 05365_ Extracted 28 matter. 05386_ 1O-VMZ(R) knocked back. 05389_ Subatomizers dissect the Seismic Detector. Map ----- +----------------------------------------------------+ | ?????????????????????????????????????????????????? | | ?????????????????????????????????????????????????? | | ?????????????????????????????????????????????????? | | ?????????????????????????????????????????????????? | | ?????????????????????????????????????????????????? | | ?????????????????????????????????????????????????? | | ?????????????????????????????????????????????????? | | ?????????????????????????????????????????????????? | | ?????????????????????????????????????????????????? | | ?????????????????????????????????????????????????? | | ?????????????????????????????????????????????????? | | ?????????????????????????????????????????????????? | | ?????????????????????????????????????????????????? | | ?????????????????????###?????????????????????????? | | ????????????????????## ??????????????? ????????? | | ????????????????????# ??????????????# ????????? | | ????????????????????# ?????????????? ????????? | | ????????????????????# #????????????## ###?????? | | ???????????????????? ??????????###""= #?????? | | ????????????????????? ??????????? """" ###?##? | | ?????????????????????? ?????????????""""" ##"#? | | ?????????????????????## ?????????????"< "" "#? | | ?????????????????????# ####?????????# ## """""#? | | ??????????????????????# #?????????# ### """"#? | | ?????????????????????## ########?## "##" """#? | | ?????????????????????# @ # ## ###" "## ""#? | | ????????????????# R ## """"""""## ### "" "#? | | ????????????????# ???#" ###"""""" " "" "##? | | ????????????????# ?????#" #### " #### " ###?? | | ?????????????? ???????#" ## ##??# ##???? | | ???????????? ?????????#""]## ##???# ##???? | | ???????????? ???????????#"][!!= ##????# " #???# | | ?????????????????????????# []!*%= ##????## ####?# | | ?????????????????????????# %=[!% ##?????# # #?# | | ?????????????????????????## !#####??????## # ### | | ??????????????????????????####???????????# | | ????????????????????????????????????????## | | ?????????????????????????????????????#### ## | | ?????????????????????????????????????# #### | | ?????????????????????????????????????# ##??### | | ?????????????????????????????????????## ##???### | | ???????????????????????????????????### #????# | | ??????????????????????????????????## # #????# | | ?????????????????????????????????## ##???## | | ?????????????????????????????????# #???# | | ?????????????????????????????????# "###???# | | ??????????????????????#######???## " ###??# | | ??????????????????????#[%#% #??## """ "#### | | ??????????????????????#% ! #??# """""""##" # | | ?????#####??####?####?##" ###??# """ """" | +----------------------------------------------------+ Best States ------------- Heat Dissipation 25 Energy Generation 15 Energy Capacity 250 Matter Stores 300 Matter Capacity 300 Sight Range 16 Robot Scan Range 20 Terrain Scan Density 10 Armor Coverage 800 Evasion (%) 55 Recoil Reduction 2 Item Schematics ----------------- None Robot Schematics ------------------ None Fabricated ------------ Nothing Repaired ---------- Nothing Alien Tech Used ----------------- None Achievements -------------- None Challenges ------------ None Game ------ Seed CountertargetingBorePlatform Manual? 0 Play Time 00:25:36 Cumulative 143.2 hours Start 2025.08.19 @ 16:14:42 End 2025.08.19 @ 16:40:07 Sessions 1 Manual Loads 0 Difficulty Rogue Special Mode None Game No. 201 Rogue 201 Adventurer 0 Explorer 0 Win Type - Total 1 Types 1/0/0/0/0/0/0/0/0/0 Lore% 70 Gallery% 63 Achievement% 53 Wizard Run 0 Options --------- Layout 0 ASCII 0 Keyboard 0 Movement Mouse Keybinds 0 Fullscreen 1 Font 16/SmallcapsGlow Map View 75x55 Zoom Use 0% Tactical HUD 1 Map Filters NONE Filters NONE Steam 1 RUN: 009cbb43-5337-4c17-a90a-97c4cb99f84e